 Dungeon Crawl Stone Soup version 0.30.0-16-gbe6223bb7e (webtiles) character file.

Game seed: 61705790094582705

3 hito the Sneak (level 1, -16/19 HPs)
             Began as a Draconian Delver on May 20, 2023.
             Demolished by an ogre
             ... wielding a +0 giant club
              (34 damage)
             ... on level 4 of the Dungeon.
             The game lasted 00:00:47 (79 turns).

hito the Sneak (Draconian Delver)                     Turns: 79, Time: 00:00:47

Health: -16/19     AC:  4    Str: 14    XL:     1   Next: 41%
Magic:  1/1        EV: 12    Int: 10    God:
Gold:   0          SH:  0    Dex: 12    Spells: 0/0 levels left

rFire   . . .        a - +0 short sword
rCold   . . .        (no shield)
rNeg    . . .        (body armour unavailable)
rPois   .            (helmet restricted)
rElec   .            (no cloak)
rCorr   .            (no gloves)
SInv    .            (no boots)
Will    .....        (no amulet)
Stlth   +++          (no ring)
HPRegen 0.23/turn    (no ring)
MPRegen 0.07/turn

%: no passive effects
@: hasted, very quick
A: AC +4, unfitting armour, cold-blooded
a: no special abilities


You were on level 4 of the Dungeon.
You visited 1 branch of the dungeon, and saw 2 of its levels.

Inventory:

Hand Weapons
 a - a +0 short sword (weapon)
Jewellery
 c - a +6 ring of intelligence
Wands
 f - a wand of digging (3)
Scrolls
 b - a scroll of fog
 d - a scroll of fear
 g - a scroll of vulnerability {unknown}


   Skills:
 + Level 3.4 Fighting
 + Level 2.1 Short Blades
 - Level 1.7 Dodging
 - Level 4.5 Stealth


You couldn't memorise any spells.
You didn't know any spells.
Your spell library was empty.

Dungeon Overview and Level Annotations

Branches:
Dungeon (5/15)
 Temple: D:4-7

Altars:


Innate Abilities, Weirdness & Mutations

Your plain brown scales are hard. (AC +4)
You cannot fit into any form of body armour.
You are cold-blooded and may be slowed by cold attacks.


Message History

The helpless hobgoblin fails to defend itself.
You puncture the hobgoblin!
You kill the hobgoblin!
The orc shouts!
The howler monkey hoots and howls with incredible vigour!
You hear a shout! x2; You hear an angry hiss.
An ogre comes into view. It is wielding a +0 giant club.
The orc attacks as you move away! The orc hits you with a +0 hand axe.
The orc barely misses you. The orc attacks as you move away!
The orc misses you. The orc attacks as you move away!
The orc hits you with a +0 hand axe.
You barely miss the orc. You tail-slap the orc.
The orc is moderately wounded.
The orc closely misses you.
You closely miss the orc.
The orc is moderately wounded.
The orc misses you.
You hit the orc.
You kill the orc!
A hobgoblin comes into view.
The hobgoblin shouts!
You closely miss the hobgoblin.
Your tail-slap misses the hobgoblin.
The hobgoblin hits you but does no damage.
Okay, then.
You feel yourself speed up.
The hobgoblin hits you but does no damage.
You barely miss the hobgoblin.
The hobgoblin hits you but does no damage.
You closely miss the hobgoblin. You hit the hobgoblin.
The hobgoblin is moderately wounded.
The hobgoblin hits you.
You barely miss the hobgoblin.
Your tail-slap misses the hobgoblin.
The hobgoblin is moderately wounded.
You hit the ogre.
The ogre is lightly wounded.
The hobgoblin barely misses you.
The ogre hits you with a +0 giant club!!
Ouch! That really hurt!
You die...

...###..###
#........#
#......).# ##
#..>.....#
....##........#
..............#
######.......#
##########.......#
#.g@O...).=......#
#.########.......#
# .(.........
########...≈ .#.≈h
...≈.


You could see an ogre and a hobgoblin.

Vanquished Creatures
  An orc (D:4)
  A hobgoblin (D:4)
2 creatures vanquished.

Notes
Turn   | Place    | Note
-------+----------+-------------------------------------------
     0 | D:5      | hito the Draconian Delver began the quest for the Orb.
     0 | D:5      | Reached XP level 1. HP: 19/19 MP: 1/1
     6 | D:5      | Noticed a wight
     9 | D:5      | Noticed a wight
    32 | D:5      | Noticed a wight
    56 | D:4      | Noticed a howler monkey
    59 | D:4      | Noticed an ogre
    79 | D:4      | Demolished by an ogre

Illustrated notes

Levels and vault maps discovered:
D:4:      layout_basic, mainiacjoe_overflow_brackets, minmay_temple_entry_ruins,
          uniq_duvessa
D:5:      layout_rooms, gammafunk_temple_overflow_claw, uniq_grinder,
          uniq_sigmund

Action                     || total
---------------------------++-------
  Melee: Short sword       ||    10
         Tailslap          ||     1
    Use: Scroll            ||     1
         Potion            ||     1
   Stab: Sleeping          ||     1
 Armour: Skin              ||     3
  Dodge: Dodged            ||     5
